 Dungeon Crawl Stone Soup version 0.32-a0-859-gb0a091d592 (webtiles) character file.

Game seed: 3033568235787188978

314 ragingrage the Grasshopper (level 6, -3/44 HPs)
             Began as a Human Warper on Mar 28, 2024.
             Was an Initiate of Ru.
             Slain by Duvessa
             ... wielding a +0 short sword
              (6 damage)
             ... on level 4 of the Dungeon.
             The game lasted 00:07:26 (4799 turns).

ragingrage the Grasshopper (Human Warper)           Turns: 4799, Time: 00:07:27

Health: -3/44      AC:  5    Str: 11    XL:     6   Next: 43%
Magic:  6/9        EV:  9    Int: 14    God:    Ru [......]
Gold:   138        SH:  0    Dex: 14    Spells: 2/9 levels left

rFire   . . .        k - +3 dagger
rCold   . . .        (no shield)
rNeg    . . .        p - +0 ring mail
rPois   .            (no helmet)
rElec   .            (no cloak)
rCorr   .            (no gloves)
SInv    .            (no boots)
Will    .....        m - amulet of faith
Stlth   +            (no ring)
HPRegen 0.27/turn    (no ring)
MPRegen 0.11/turn

%: faith
@: no status effects
A: explore regen
a: Renounce Religion


You were on level 4 of the Dungeon.
You worshipped Ru.
Ru was noncommittal.
You visited 1 branch of the dungeon, and saw 4 of its levels.

You collected 138 gold pieces.

Inventory:

Hand Weapons
 a - a +0 falchion
 k - a +3 dagger (weapon)
Missiles
 d - 7 darts of dispersal
 r - 6 boomerangs
Armour
 p - a +0 ring mail (worn)
Jewellery
 m - an amulet of faith (around neck)
Talismans
 o - a maw talisman
Scrolls
 c - 3 scrolls of blinking
 e - 3 scrolls of teleportation {unknown}
 g - 3 scrolls of identify {unknown}
 h - a scroll of silence {unknown}
 i - a scroll of enchant armour {unknown}
 q - a scroll of enchant weapon {unknown}
Potions
 b - 2 potions of heal wounds {unknown}
 f - a potion of lignification {unknown}
 l - a potion of brilliance {unknown}
 n - a potion of might {unknown}


   Skills:
 - Level 2.1 Fighting
 - Level 2.6(3.3) Short Blades
 - Level 3.0(3.5) Long Blades
 - Level 1.1 Throwing
 - Level 1.1 Armour
 - Level 2.1 Dodging
 - Level 2.0 Spellcasting
 + Level 2.6 Conjurations
 - Level 4.0 Translocations
 + Level 1.4 Air Magic
 + Level 1.5 Alchemy


You had 2 spell levels left.
You knew the following spells:

 Your Spells              Type           Power      Damage    Failure   Level
a - Momentum Strike       Conj/Tloc      20%        3d8       22%         2
b - Blink                 Tloc           24%        N/A       16%         2
c - Mephitic Cloud        Conj/Alch/Air  6%         N/A       61%         3

Your spell library contained the following spells:

 Spells                   Type           Power      Damage    Failure   Level
 Lesser Beckoning         Tloc           24%        N/A       16%         2
 Necrotise                Necr           4%         1d4       50%         1
 Call Imp                 Summ           2%         N/A       63%         2
 Ensorcelled Hibernation  Hex/Ice        2%         N/A       63%         2
 Sublimation of Blood     Necr           1%         N/A       63%         2
 Teleport Other           Tloc           12%        N/A       32%         3
 Dazzling Flash           Conj/Hex       10%        N/A       67%         3
 Maxwell's Portable Pile  Tloc           12%        2d(7-13)  71%         4
 Fugue of the Fallen      Necr           1%         N/A       86%         3
 Ozocubu's Armour         Ice            1%         N/A       86%         3
 Summon Ice Beast         Ice/Summ       1%         N/A       86%         3
 Vampiric Draining        Necr           1%         2d6       86%         3
 Vhi's Electric Charge    Tloc/Air       18%        N/A       87%         4
 Anguish                  Hex/Necr       0%         N/A       99%         4
 Martyr's Knell           Necr/Summ      1%         N/A       99%         4
 Curse of Agony           Necr           1%         N/A       100%        5
 Silence                  Hex/Air        1%         N/A       100%        5
 Summon Mana Viper        Hex/Summ       1%         N/A       100%        5
 Manifold Assault         Tloc           6%         N/A       100%        7
 Monstrous Menagerie      Summ           0%         N/A       100%        7
 Summon Hydra             Summ           0%         N/A       100%        7


Dungeon Overview and Level Annotations

Branches:
Dungeon (4/15)
 Temple: D:4-7

Altars:
Ru
Wu Jian

Shops:
D:1 *(

Annotations:
D:2 Terence
D:3 1 runed translucent door, Crazy Yiuf, Sigmund
D:4 Dowan, Duvessa


Innate Abilities, Weirdness & Mutations

You regain HP and MP as you explore.


Message History

You throw a poisoned dart.
The poisoned dart closely misses Duvessa.
The poisoned dart barely misses the goblin.
Throw: dart (poison)
Press: ? - help, Q - select action, (/) - cycle Shift-Dir - straight line, f/p - Duvessa
Aim: Duvessa, wielding a +0 short sword and wearing a +0 leather armour (moderately wounded, 60% to hit)
You throw a poisoned dart. The poisoned dart hits Duvessa.
Duvessa is poisoned.
You barely miss Duvessa. Duvessa completely misses you.
Okay, then.
You hit Duvessa. Duvessa barely misses you.
You hit Duvessa.
You are no longer robbed of momentum.
Duvessa hits you with a +0 short sword.
You barely miss Duvessa. Duvessa barely misses you.
You hit Duvessa but do no damage.
Dowan mumbles some strange words.
Dowan blinks!
You hit Duvessa. Duvessa hits you with a +0 short sword.
Unknown command.
You hit Duvessa but do no damage. Duvessa hits you with a +0 short sword!
You barely miss Duvessa. Duvessa hits you with a +0 short sword.
You hit Duvessa. Duvessa hits you with a +0 short sword.
You hit Duvessa but do no damage.
Duvessa looks more healthy.
You hit Duvessa. Duvessa hits you with a +0 short sword!
* * * LOW HITPOINT WARNING * * *
You hit Duvessa. Duvessa hits you with a +0 short sword.
* * * LOW HITPOINT WARNING * * *
Casting: Momentum Strike (safe; 22% risk of failure)
Aiming: Momentum Strike (safe; 22% risk of failure)
Press: ? - help, Dir - move target, f/p - Duvessa
Aim: Duvessa, wielding a +0 short sword and wearing a +0 leather armour (severely wounded, 72% to hit)
The concentrated momentum misses Duvessa.
Dowan gestures at Duvessa while chanting.
Duvessa seems to speed up.
Duvessa hits you with a +0 short sword.
* * * LOW HITPOINT WARNING * * *
Duvessa hits you with a +0 short sword.
* * * LOW HITPOINT WARNING * * *
Duvessa hits you with a +0 short sword.
You die...
Ru respects your ultimate sacrifice.

. #### ###.♣.♣♣♣.♣...#......##..
..##..###.....................#..
.........##.♣♣♣♣♣♣♣.#.........#..
...>[.....#.........##..[.....+##
.........(.#.......###........#..
...........e....#..####.......#..
.##............##.............###
..............ge.................
.............###@......(........#
.##............##...............#
..##...).###.....................
..........##....##...#..........#
..##.........##.###..##.##.......
$ .#..........#..#...............
#..#....##.....##...............
#....>..................##......
##........##.##.###.............


You could see Duvessa (fast), Dowan and a goblin.

Vanquished Creatures
  2 howler monkeys
  2 hounds (D:4)
  An iguana (D:4)
  3 adders
  2 dart slugs
  4 ribbon worms
  10 orcs
  8 bats
  7 endoplasms
  2 giant cockroaches (D:1)
  14 goblins
  5 hobgoblins
  11 jackals
  5 quokkas
  7 ball pythons
  4 frilled lizards
  2 kobolds
  2 rats
91 creatures vanquished.

Notes
Turn   | Place    | Note
-------+----------+-------------------------------------------
     0 | D:1      | ragingrage the Human Warper began the quest for the Orb.
     0 | D:1      | Reached XP level 1. HP: 16/16 MP: 3/3
   131 | D:1      | Reached XP level 2. HP: 22/22 MP: 5/5
   178 | D:1      | Learned a level 2 spell: Blink
   181 | D:1      | Learned a level 2 spell: Momentum Strike
   184 | D:1      | Found a faded altar of an unknown god.
   323 | D:1      | Reached XP level 3. HP: 27/27 MP: 6/6
   559 | D:1      | Found Emoacup's Weapon Emporium.
   694 | D:1      | Reached skill level 1 in Conjurations
   709 | D:1      | Found Titavar's Assorted Antiques.
   897 | D:2      | Noticed Terence
  1431 | D:2      | Reached XP level 4. HP: 33/33 MP: 5/7
  2544 | D:3      | Reached skill level 1 in Short Blades
  2544 | D:3      | Reached skill level 4 in Translocations
  2544 | D:3      | Reached XP level 5. HP: 32/38 MP: 6/8
  2607 | D:3      | Noticed Sigmund
  2859 | D:4      | Found a sacrificial altar of Ru.
  3260 | D:3      | Learned a level 3 spell: Mephitic Cloud
  3388 | D:3      | Identified the +1 hammer "Lekomenk" {antimagic, Dex+3}
  3393 | D:3      | Found a runed translucent door.
  3394 | D:3      | Noticed Crazy Yiuf
  3445 | D:3      | Identified the +1 hammer of Tortured Offence {vamp, rF+ rC-
                  | Dex+5}
  3653 | D:4      | Became a worshipper of Ru the Awakened
  3861 | D:4      | Found an ornate altar of the Wu Jian Council.
  3896 | D:4      | Reached skill level 1 in Air Magic
  3896 | D:4      | Reached skill level 1 in Alchemy
  3896 | D:4      | Reached XP level 6. HP: 23/44 MP: 1/9
  4339 | D:4      | Noticed Dowan
  4768 | D:4      | Noticed Duvessa
  4799 | D:4      | Slain by Duvessa

Illustrated notes

Levels and vault maps discovered:
D:1:      dpeg_arrival_fog, layout_rooms, serial_shops, shop,
          nicolae_shop_bloodbath_and_beyond,
          hellmonk_ecumenical_altar_heavens_door
D:2:      layout_basic, uniq_terence
D:3:      layout_loops_ring, uniq_sigmund, uniq_crazy_yiuf_cottage
D:4:      layout_cave_pools, mainiacjoe_overflow_24_doors,
          mainiacjoe_overflow_cross_hatched, uniq_duvessa

Skill      XL: |  1  2  3  4  5 |
---------------+----------------+-----
Conjurations   | 1 2 |  2.6
Long Blades    | 3 |  3.0
Short Blades   | 1 2 |  2.6
Translocations | 4 |  4.0
Air Magic      | 1 |  1.4
Alchemy        | 1 |  1.5
Fighting       | |  2.1
Throwing       | |  1.1
Armour         | |  1.1
Dodging        | |  2.1
Spellcasting   | |  2.0

Action                     |  1- 3 |  4- 6 || total
---------------------------+-------+-------++-------
  Melee: Falchion          |   174 |    14 ||   188
         Dagger            |       |   149 ||   149
  Throw: Dart              |       |     4 ||     4
   Cast: Momentum Strike   |     3 |    26 ||    29
 Armour: Leather armour    |   124 |    13 ||   137
         Ring mail         |       |   113 ||   113
         Skin              |       |     3 ||     3
  Dodge: Dodged            |   121 |    87 ||   208

Table legend: (Time is in decaauts)
 A = Elapsed time spent in this place.
 B = Non-inter-level travel time spent in this place.
 C = Inter-level travel time spent in this place.
 D = Time resting spent in this place.
 E = Time spent auto-exploring this place.
 F = Levels seen in this place.
 G = Mean time per level.
                   A        B        C        D        E       F      G
               +--------+--------+--------+--------+--------+-----+--------+
         Total |   4826 |   4362 |    464 |    686 |   2478 |   4 | 1206.5 |
       Dungeon |   4826 |   4362 |    464 |    686 |   2478 |   4 | 1206.5 |
               +--------+--------+--------+--------+--------+-----+--------+

Top non-repeatable levels by time:
     D:3: 1752 daAuts
     D:2: 1375 daAuts
     D:1: 849 daAuts
     D:4: 848 daAuts
